 Dungeon Crawl Stone Soup version 0.28-a0-413-gde365fb1df (webtiles) character file.

Game seed: 5358432420304582123

3931 dolemite99 the Magician (level 10, 0/74 HPs)
             Began as a Gnoll Air Elementalist on Sept 8, 2021.
             Was an Initiate of Yredelemnul.
             Slain by a bullfrog (3 damage)
             ... while paralysed by a hornet
             ... on level 8 of the Dungeon.
             The game lasted 00:22:34 (17330 turns).

dolemite99 the Magician (Gnoll Air Elementalist)   Turns: 17330, Time: 00:22:35

Health: 0/74       AC:  3    Str:  7    XL:     10   Next: 21%
Magic:  3/20       EV:  2    Int: 17    God:    Yredelemnul [......]
Gold:   246        SH:  0    Dex: 14    Spells: 2/23 levels left

rFire   . . .      SeeInvis .   a - +8 quick blade
rCold   . . .      Faith    .   H - +0 buckler
rNeg    . . .      Spirit   .   i - +0 leather armour
rPois   .          Reflect  .   (no helmet)
rElec   .          Harm     .   (no cloak)
rCorr   .          Rampage  .   (no gloves)
Will    .....                   (no boots)
Stlth   +++.......              z - amulet of the acrobat
HPRegen 0.22/turn               (no ring)
MPRegen 0.17/turn               (no ring)

@: paralysed, lethally poisoned (0 -> -6), slowed
A: fangs 1, strong nose, distributed training
a: Renounce Religion


You were on level 8 of the Dungeon.
You worshipped Yredelemnul.
Yredelemnul was noncommittal.
You visited 2 branches of the dungeon, and saw 9 of its levels.

You collected 246 gold pieces.

Inventory:

Hand Weapons
 a - a +8 quick blade (weapon)
 b - a +1 whip of draining
 m - a +0 hunting sling
 o - a +1 dagger of venom
 p - a +2 war axe of freezing
 r - a +0 dagger
 y - the +2 short sword "Osaife" {protect, rC- Dex+2 SInv Stlth+}
   (You found it on level 5 of the Dungeon)

   It grants its wielder temporary protection when it strikes (+7 to AC).
   Dex:       It affects your dexterity (+2).
   rC:        It makes you vulnerable to cold.
   SInv:      It lets you see invisible.
   Stlth:     It makes you more stealthy.
 F - a +2 vorpal spear
Missiles
 e - 227 stones
 f - 6 curare-tipped darts
 g - 22 poisoned darts (quivered)
 j - 40 sling bullets
 u - 46 arrows
 D - 5 throwing nets
Armour
 i - a +0 leather armour (worn)
 H - a +0 buckler (worn)
Magical Staves
 G - a staff of cold
Jewellery
 k - a +6 ring of dexterity
 z - an amulet of the acrobat (around neck)
Scrolls
 c - a scroll of identify {@r1}
 l - 3 scrolls of teleportation
 E - 2 scrolls of fog
Potions
 d - a potion of magic {unknown}
 h - a potion of berserk rage {unknown}
 n - a potion of ambrosia {unknown}
 q - a potion of flight {unknown}
 w - a potion of heal wounds


   Skills:
 + Level 5.0 Fighting
 + Level 5.0 Short Blades
 + Level 5.0 Long Blades
 + Level 5.0 Axes
 + Level 5.0 Maces & Flails
 + Level 5.0 Polearms
 + Level 5.0 Staves
 + Level 5.0 Slings
 + Level 5.0 Bows
 + Level 5.0 Crossbows
 + Level 5.0 Throwing
 + Level 5.0 Armour
 + Level 6.9 Dodging
 + Level 6.6 Stealth
 + Level 5.0 Shields
 + Level 5.0 Unarmed Combat
 + Level 7.2 Spellcasting
 + Level 4.7 Conjurations
 + Level 4.2 Hexes
 + Level 4.2 Summonings
 + Level 4.2 Necromancy
 + Level 4.2 Translocations
 + Level 4.2 Transmutations
 + Level 4.2 Fire Magic
 + Level 4.2 Ice Magic
 + Level 7.0 Air Magic
 + Level 4.2 Earth Magic
 + Level 4.2 Poison Magic
 + Level 5.5 Invocations
 + Level 5.0 Evocations


You had 2 spell levels left.
You knew the following spells:

 Your Spells              Type           Power      Damage    Failure   Level
a - Poisonous Vapours     Pois/Air       50%        N/A       2%          2
b - Static Discharge      Conj/Air       26%        N/A       2%          2
c - Airstrike             Air            14%        N/A       9%          4
d - Swiftness             Air            29%        N/A       2%          3
e - Tukima's Dance        Hex            20%        N/A       9%          3
f - Shock                 Conj/Air       100%       1d9       1%          1
g - Olgreb's Toxic Radia  Pois           20%        N/A       28%         4
h - Sublimation of Blood  Necr           10%        N/A       4%          2

Your spell library contained the following spells:

 Spells                   Type           Power      Damage    Failure   Level
 Sting                    Tmut/Pois      80%        1d7       2%          1
 Summon Small Mammal      Summ           80%        N/A       2%          1
 Wereblood                Tmut           20%        N/A       4%          2
 Call Canine Familiar     Summ           20%        N/A       9%          3
 Summon Guardian Golem    Hex/Summ       20%        N/A       9%          3
 Passage of Golubria      Tloc           N/A        N/A       28%         4
 Yara's Violent Unravell  Hex/Tmut       10%        3d6       61%         5
 Summon Hydra             Summ           10%        N/A       100%        7


Dungeon Overview and Level Annotations

Branches:
Dungeon (8/15)             Temple (1/1) D:7
   Lair: D:8-11

Altars:
Ashenzari
Cheibriados
Dithmenos
Elyvilon
Fedhas
Gozag
Hepliaklqana
Kikubaaqudgha
Makhleb
Nemelex Xobeh
Okawaru
Qazlal
Ru
Sif Muna
Trog
Uskayaw
Vehumet
Wu Jian
Xom
Yredelemnul
Zin
The Shining One


Innate Abilities, Weirdness & Mutations

You have very sharp teeth.
Your uncanny sense of smell can sniff out nearby items.
Your experience applies equally to all skills.


Message History

The hornet stings you.
You feel as though you will be slow longer.
The hornet stings you!
You are poisoned.
You feel as though you will be slow longer.
You can move again.
Casting: Poisonous Vapours (safe; 2% risk of failure)
Confirm with . or Enter, or press ? or * to list all spells.
The bullfrog is struck by an arc of lightning.
The bullfrog is moderately wounded.
You are struck by an arc of lightning.
The hornet is struck by an arc of lightning.
The hornet is moderately wounded.
The lightning grounds out.
The hornet is struck by an arc of lightning.
The hornet is moderately wounded.
The howler monkey is struck by an arc of lightning.
The howler monkey is moderately wounded.
The hornet is struck by an arc of lightning.
The hornet is heavily wounded.
The lightning grounds out.
You feel very sick. The bullfrog misses you. The hornet misses you.
The bullfrog barely misses you. You block the hornet's attack.
The bullfrog completely misses you.
Casting: Static Discharge (safe; 2% risk of failure)
Confirm with . or Enter, or press ? or * to list all spells.
The bullfrog is struck by an arc of lightning.
The bullfrog is heavily wounded.
You are struck by an arc of lightning.
* * * LOW HITPOINT WARNING * * *
The lightning grounds out.
You feel very sick.
The hornet stings you but does no damage.
The bullfrog hits you.
* * * LOW HITPOINT WARNING * * *
The hornet stings you!
* * * LOW HITPOINT WARNING * * *
You suddenly lose the ability to move!
The bullfrog hits you.
You die...
Your body rises from the dead as a mindless zombie.

∆ ## ∆ .. ## o#. #.####.
... # #. ... ..# #.
#.##.# #.# ..#.##
#..#<### #.# #. ...
########o....# #.# #.
#.#
#......oo#.#.###o######
#.###..
#.......c#.#.F@yo.....#
#..###.
#..$..)..#.#####ho###.##
#.###. #)..>(...#.# ##.#
#..###...÷÷
#....(...#.######†#
##......#.#
#..(.(....Fo.....h#
#...####..
#...>....o#####..†#
#..#..# ### #..........
#....#...###.# #
#.......#...#...#...##
.# #
#######.##..((.##..# .#


You could see a hornet (very poisoned), an orc warrior, a bullfrog, a howler
monkey and 2 orcs.

Vanquished Creatures
  Pikel (D:4)
  Grinder (D:4)
  A water moccasin (D:8)
  3 ice beasts
  An orc warrior (D:3)
  A sky beast (D:5)
  3 black bears
  3 ogres
  A centaur (D:7)
  3 phantoms
  2 kobold brigands
  A gnoll sergeant (D:6)
  4 bullfrogs
  3 scorpions
  A wyvern skeleton (D:5)
  3 killer bees (D:7)
  2 howler monkeys (D:8)
  A centaur zombie (D:4)
  2 bullfrog zombies
  6 hounds
  3 orc priests
  A gnoll shaman (D:4)
  Jessica (D:3)
  2 iguanas
  Ijyb (D:3)
  Natasha (thrice) (D:3)
  3 orc wizards
  A killer bee zombie (D:8)
  A hound skeleton (D:5)
  12 gnolls
  5 adders
  A white imp (D:7)
  2 worms (D:2)
  A dart slug (D:3)
  22 orcs
  6 ball pythons
  7 endoplasms
  A giant cockroach (D:1)
  6 goblins
  5 hobgoblins
  4 jackals (D:4)
  3 quokkas
  4 bats
  7 frilled lizards
  24 kobolds
  A quokka skeleton (D:4)
  6 rats
  A spectral kobold (D:2)
177 creatures vanquished.

Vanquished Creatures (collateral kills)
  A gnoll (D:6)
  A quokka (D:4)
2 creatures vanquished.

Vanquished Creatures (others)
  A dancing weapon (D:6)
1 creature vanquished.

Grand Total: 180 creatures vanquished

Notes
Turn   | Place    | Note
-------+----------+-------------------------------------------
     0 | D:1      | dolemite99 the Gnoll Air Elementalist began the quest for
                  | the Orb.
     0 | D:1      | Reached XP level 1. HP: 13/13 MP: 6/6
   492 | D:1      | Reached XP level 2. HP: 19/19 MP: 5/7
  1393 | D:1      | You fall into a shaft and drop 1 floor!
  1393 | D:2      | Found a faded altar of an unknown god.
  1860 | D:2      | Learned a level 2 spell: Static Discharge
  2212 | D:2      | Reached skill level 5 in Spellcasting
  2212 | D:2      | Reached XP level 3. HP: 22/25 MP: 2/9
  2630 | D:2      | Reached skill level 1 in Invocations
  3603 | D:2      | Reached skill level 1 in Fighting
  3603 | D:2      | Reached skill level 1 in Short Blades
  3603 | D:2      | Reached skill level 1 in Long Blades
  3603 | D:2      | Reached skill level 1 in Axes
  3603 | D:2      | Reached skill level 1 in Maces & Flails
  3603 | D:2      | Reached skill level 1 in Polearms
  3603 | D:2      | Reached skill level 1 in Staves
  3603 | D:2      | Reached skill level 1 in Slings
  3603 | D:2      | Reached skill level 1 in Bows
  3603 | D:2      | Reached skill level 1 in Crossbows
  3603 | D:2      | Reached skill level 1 in Throwing
  3603 | D:2      | Reached skill level 1 in Armour
  3603 | D:2      | Reached skill level 1 in Shields
  3603 | D:2      | Reached skill level 1 in Unarmed Combat
  3603 | D:2      | Reached skill level 1 in Evocations
  3603 | D:2      | Reached XP level 4. HP: 27/32 MP: 7/11
  4256 | D:3      | Noticed Jessica
  4257 | D:3      | Noticed Natasha
  4265 | D:3      | Killed Natasha
  4266 | D:3      | Reached skill level 1 in Hexes
  4266 | D:3      | Reached skill level 1 in Summonings
  4266 | D:3      | Reached skill level 1 in Necromancy
  4266 | D:3      | Reached skill level 1 in Translocations
  4266 | D:3      | Reached skill level 1 in Transmutations
  4266 | D:3      | Reached skill level 1 in Fire Magic
  4266 | D:3      | Reached skill level 1 in Ice Magic
  4266 | D:3      | Reached skill level 1 in Earth Magic
  4266 | D:3      | Reached skill level 1 in Poison Magic
  4272 | D:3      | Killed Jessica
  4273 | D:3      | Reached XP level 5. HP: 21/37 MP: 6/12
  4609 | D:3      | Learned a level 3 spell: Swiftness
  4614 | D:3      | Learned a level 4 spell: Airstrike
  4815 | D:3      | Noticed Ijyb
  4820 | D:3      | Killed Ijyb
  5189 | D:3      | Noticed Natasha
  5207 | D:3      | Killed Natasha
  5257 | D:3      | Noticed Natasha
  5267 | D:3      | Killed Natasha
  5588 | D:3      | Noticed an orc warrior
  5615 | D:3      | Killed an orc warrior
  5616 | D:3      | Reached skill level 5 in Dodging
  5616 | D:3      | Reached XP level 6. HP: 35/44 MP: 5/14
  6870 | D:4      | Reached XP level 7. HP: 24/50 MP: 10/15
  6875 | D:4      | HP: 3/75 [gnoll (1)]
  7588 | D:4      | Noticed Pikel
  7601 | D:4      | Killed Pikel
  7602 | D:4      | Reached skill level 5 in Stealth
  7602 | D:4      | Reached XP level 8. HP: 37/58 MP: 5/16
  8157 | D:4      | Noticed Grinder
  8175 | D:4      | Killed Grinder
  9414 | D:5      | Entered Level 5 of the Dungeon
 10162 | D:5      | Reached XP level 9. HP: 65/65 MP: 5/18
 10978 | D:5      | Identified the +2 short sword "Osaife" {protect, rC- Dex+2
                  | SInv Stlth+}
 13245 | D:6      | Learned a level 3 spell: Tukima's Dance
 13313 | D:6      | Reached skill level 5 in Invocations
 13678 | D:6      | Learned a level 2 spell: Poisonous Vapours
 13951 | D:6      | Learned a level 4 spell: Olgreb's Toxic Radiance
 14326 | D:7      | Found a glowing silver altar of Zin.
 14434 | D:7      | Found a staircase to the Ecumenical Temple.
 14474 | Temple   | Entered the Ecumenical Temple
 14835 | Temple   | Became a worshipper of Yredelemnul the Dark
 14896 | D:7      | Identified a scroll of acquirement
 14896 | D:7      | Acquired a +8 quick blade
 15029 | D:7      | Acquired a book of Blood
 15034 | D:7      | Learned a level 2 spell: Sublimation of Blood
 15159 | D:7      | Reached XP level 10. HP: 72/73 MP: 15/20
 16012 | D:8      | Noticed a death knight
 16705 | D:8      | Reached skill level 5 in Fighting
 16705 | D:8      | Reached skill level 5 in Short Blades
 16705 | D:8      | Reached skill level 5 in Long Blades
 16705 | D:8      | Reached skill level 5 in Axes
 16705 | D:8      | Reached skill level 5 in Maces & Flails
 16705 | D:8      | Reached skill level 5 in Polearms
 16705 | D:8      | Reached skill level 5 in Staves
 16705 | D:8      | Reached skill level 5 in Slings
 16705 | D:8      | Reached skill level 5 in Bows
 16705 | D:8      | Reached skill level 5 in Crossbows
 16705 | D:8      | Reached skill level 5 in Throwing
 16705 | D:8      | Reached skill level 5 in Armour
 16705 | D:8      | Reached skill level 5 in Shields
 16705 | D:8      | Reached skill level 5 in Unarmed Combat
 16705 | D:8      | Reached skill level 5 in Evocations
 17327 | D:8      | Paralysed by a hornet for 2 turns
 17330 | D:8      | HP: 3/74 [hornet (14)]
 17330 | D:8      | Paralysed by a hornet for 1 turns
 17330 | D:8      | Slain by a bullfrog

Illustrated notes

Levels and vault maps discovered:
D:1:      kennysheep_arrival_forest, layout_loops_ring
D:2:      layout_rooms, dreamdust_ecumenical_altar_drowned_temple,
          grunt_ministairs_2
D:3:      layout_basic, grunt_decor_fettered, uniq_natasha, uniq_jessica,
          uniq_ijyb
D:4:      layout_loops_ring, minmay_box_of_dots, uniq_pikel, uniq_grinder
D:5:      layout_basic
D:6:      layout_basic, chequers_serial_rivers_micro_b
D:7:      layout_cave_pods, zin_treasury, minmay_temple_entry_enclosed_plants
D:8:      layout_rooms, minmay_circle_x
Temple:   compressed_dpeg_triangle_lava_temple

Skill      XL: |  1  2  3  4  5  6  7  8  9 10 |
---------------+-------------------------------+-----
Conjurations   | 2 3 4 |  4.7
Spellcasting   | 5 6 7 |  7.2
Invocations    | 1 2 3 4 5 |  5.5
Fighting       | 1 2 3 4 5 |  5.0
Short Blades   | 1 2 3 4 5 |  5.0
Long Blades    | 1 2 3 4 5 |  5.0
Axes           | 1 2 3 4 5 |  5.0
Maces & Flails | 1 2 3 4 5 |  5.0
Polearms       | 1 2 3 4 5 |  5.0
Staves         | 1 2 3 4 5 |  5.0
Slings         | 1 2 3 4 5 |  5.0
Bows           | 1 2 3 4 5 |  5.0
Crossbows      | 1 2 3 4 5 |  5.0
Throwing       | 1 2 3 4 5 |  5.0
Armour         | 1 2 3 4 5 |  5.0
Shields        | 1 2 3 4 5 |  5.0
Unarmed Combat | 1 2 3 4 5 |  5.0
Evocations     | 1 2 3 4 5 |  5.0
Hexes          | 1 2 3 4 |  4.2
Summonings     | 1 2 3 4 |  4.2
Necromancy     | 1 2 3 4 |  4.2
Translocations | 1 2 3 4 |  4.2
Transmutations | 1 2 3 4 |  4.2
Fire Magic     | 1 2 3 4 |  4.2
Ice Magic      | 1 2 3 4 |  4.2
Earth Magic    | 1 2 3 4 |  4.2
Poison Magic   | 1 2 3 4 |  4.2
Dodging        | 5 6 |  6.9
Stealth        | 5 6 |  6.6
Air Magic      | 6 7 |  7.0

Action                   |  1- 3 |  4- 6 |  7- 9 | 10-12 || total
-------------------------+-------+-------+-------+-------++-------
Melee: Mace              |     5 |     5 |       |       ||    10
       Bite              |     1 |     2 |     1 |       ||     4
       Short sword       |       |    23 |    15 |       ||    38
       Punch             |       |     1 |       |       ||     1
       War axe           |       |       |     9 |       ||     9
       Flail             |       |       |    27 |       ||    27
       Quick blade       |       |       |     8 |    21 ||    29
 Fire: Hunting sling     |       |       |    31 |       ||    31
Throw: Stone             |    16 |    10 |     5 |    19 ||    50
       Boomerang         |       |     7 |    60 |       ||    67
       Dart              |       |       |       |    14 ||    14
 Cast: Shock             |    58 |     8 |    31 |       ||    97
       Static Discharge  |    10 |    39 |    73 |    17 ||   139
       Swiftness         |       |     1 |     1 |       ||     2
       Airstrike         |       |       |    20 |     1 ||    21
       Tukima's Dance    |       |       |     2 |       ||     2
       Poisonous Vapours |       |       |       |    20 ||    20
Evoke: Wand              |       |     4 |    14 |     9 ||    27
  Use: Scroll            |     1 |     2 |     8 |       ||    11
       Potion            |       |     1 |     5 |       ||     6
 Stab: Sleeping          |       |     1 |     4 |     1 ||     6
Armor: Robe              |     2 |    11 |    16 |       ||    29
       Skin              |       |       |     2 |       ||     2
       Leather armour    |       |       |     2 |     3 ||     5
Dodge: Dodged            |    22 |    43 |   137 |    35 ||   237
Block: Buckler           |       |       |     5 |    12 ||    17

Table legend: (Time is in decaauts)
 A = Elapsed time spent in this place.
 B = Non-inter-level travel time spent in this place.
 C = Inter-level travel time spent in this place.
 D = Time resting spent in this place.
 E = Time spent auto-exploring this place.
 F = Levels seen in this place.
 G = Mean time per level.
                   A        B        C        D        E       F      G
               +--------+--------+--------+--------+--------+-----+--------+
         Total |  17316 |  16872 |    444 |  10255 |   4511 |   9 | 1924.0 |
       Dungeon |  16946 |  16511 |    435 |  10255 |   4224 |   8 | 2118.2 |
        Temple |    370 |    362 |      8 |      0 |    287 |   1 |  370.0 |
               +--------+--------+--------+--------+--------+-----+--------+

Top non-repeatable levels by time:
     D:2: 2848 daAuts
     D:3: 2701 daAuts
     D:4: 2538 daAuts
     D:5: 2475 daAuts
     D:6: 2232 daAuts
     D:7: 1850 daAuts
     D:1: 1597 daAuts
     D:8: 701 daAuts
  Temple: 370 daAuts
